 Dungeon Crawl Stone Soup version 0.31-a0-1-g4198be8af4 (webtiles) character file.

Game seed: 1437381705942679414

12382 LobsterGuardian the Jinx (level 11, -20/55 HPs)
             Began as a Felid Delver on May 2, 2023.
             Was a High Priest of Elyvilon.
             Demolished by a two-headed ogre
             ... wielding a +0 giant club
              (25 damage)
             ... on level 2 of the Orcish Mines on May 3, 2023.
             The game lasted 01:07:55 (17804 turns).

LobsterGuardian the Jinx (Felid Delver)            Turns: 17804, Time: 01:07:56

Health: -20/55     AC:  2    Str:  8    XL:     11   Next: 61%
Magic:  22/24      EV: 20    Int: 14    God:    Elyvilon [*****.]
Gold:   630        SH:  5    Dex: 20    Spells: 4/26 levels left
                                        Lives:  0   Deaths: 3

rFire   + .          .
                       - Unarmed
rCold   + . .        (shield unavailable)
rNeg    . . .        (body armour unavailable)
rPois   .            (helmet unavailable)
rElec   .            (cloak unavailable)
rCorr   .            (gloves unavailable)
SInv    +            (boots unavailable)
Will    +....        t - amulet of reflection
Stlth   +++++        b - ring of protection from cold
HPRegen 0.29/turn    w - ring of protection from fire
MPRegen 0.19/turn

%: reflection
@: brilliant, quick
A: very small, claws 1, fangs 3, see invisible, speed 1, shaggy fur 2, stealthy
paws, no weapons or thrown items, no armour, multi-lived, passive freeze
a: Renounce Religion, Purification, Heal Other, Heal Self, Divine Vigour


You were on level 2 of the Orcish Mines.
You worshipped Elyvilon.
Elyvilon was extremely pleased with you.
You visited 3 branches of the dungeon, and saw 15 of its levels.
You also visited: Sewer and Ossuary.

You collected 1062 gold pieces.
You spent 432 gold pieces at shops.

Inventory:

Jewellery
 b - a ring of protection from cold (left paw)
 t - an amulet of reflection (around neck)
 u - an amulet of guardian spirit
 w - a ring of protection from fire (right paw)
Wands
 a - a wand of acid (10)
 e - a wand of digging (10)
 r - a wand of iceblast (1)
 v - a wand of polymorph (1)
Scrolls
 c - 3 scrolls of fog
 g - a scroll of identify
 h - 2 scrolls of magic mapping
 n - a scroll of immolation
 q - 2 scrolls of amnesia
Potions
 d - a potion of mutation
 f - a potion of resistance
 j - 5 potions of flight
 m - 2 potions of ambrosia
 o - a potion of magic
 p - 2 potions of brilliance
 B - 3 potions of lignification


   Skills:
 - Level 10.3 Fighting
 - Level 5.0 Dodging
 - Level 10.3 Stealth
 - Level 9.1 Unarmed Combat
 - Level 8.0 Spellcasting
 - Level 11.0 Hexes
 * Level 8.7 Transmutations
 + Level 7.3 Earth Magic


You had 4 spell levels left.
You knew the following spells:

 Your Spells              Type           Power      Damage    Failure   Level
a - Ensorcelled Hibernat  Hex/Ice        62%        N/A       1%          2
b - Swiftness             Air            8%         N/A       36%         3
c - Statue Form           Tmut/Erth      28%        N/A       58%         6
d - Passwall              Tmut/Erth      35%        N/A       1%          2
e - Lee's Rapid Deconstr  Erth           19%        3d11*     17%         5
f - Leda's Liquefaction   Hex/Erth       23%        N/A       3%          4

Your spell library contained the following spells:

 Spells                   Type           Power      Damage    Failure   Level


Dungeon Overview and Level Annotations

Branches:
Dungeon (12/15)            Temple (1/1) D:4            Lair (0/5) D:9
    Orc (2/2) D:11          Sewer (visited)         Ossuary (visited)
    Elf: Orc:2

Altars:
Ashenzari
Cheibriados
Dithmenos
Elyvilon
Fedhas
Gozag
Hepliaklqana
Kikubaaqudgha
Makhleb
Nemelex Xobeh
Okawaru
Qazlal
Ru
Sif Muna
Trog
Uskayaw
Vehumet
Wu Jian
Xom
Yredelemnul
Zin
The Shining One

Shops:
D:4 !   D:7 :?[


Innate Abilities, Weirdness & Mutations

You have sharp claws.
You have razor-sharp teeth.
You have supernaturally acute eyesight. (SInv)
You cover ground quickly. (Speed+)
You are covered in thick fur. (AC +2)
Your paws help you pounce on unaware monsters.
You are incapable of wielding weapons or throwing items.
You cannot wear armour.
You gain extra lives every three experience levels.
A frigid envelope surrounds you and freezes all who hurt you.


Message History

Aiming: Passwall (safe; 1% risk of failure)
Press: ? - help, Dir - move target A rock wall.
You feel a surge of power!
You begin to meditate on the wall.
You continue meditating on the rock.
The orc warrior misses you. x2
You continue meditating on the rock.
The orc warrior hits you with a +0 mace.
* * * LOW HITPOINT WARNING * * *
The orc wizard hits you with a +0 dagger.
* * * LOW HITPOINT WARNING * * *
The orc wizard is very cold.
The orc wizard is severely wounded.
The orc warrior hits you with a +0 short sword.
* * * LOW HITPOINT WARNING * * *
The orc warrior is very cold.
The orc warrior is lightly wounded.
You continue meditating on the rock.
The ground is no longer liquid beneath you.
The orc wizard closely misses you.
The orc warrior hits you with a +0 mace.
* * * LOW HITPOINT WARNING * * *
The orc warrior is very cold.
The orc warrior is lightly wounded.
The orc warrior barely misses you.
You continue meditating on the rock.
You block the orc warrior's attack. The orc wizard misses you.
The orc wizard casts a spell.
The orc wizard flickers and vanishes for a moment.
The orc warrior barely misses you.
You finish merging with the rock.
An orc comes into view. It is wielding a +0 mace.
There is a stone staircase leading down here.
You climb downwards.
An ogre comes into view. It is wielding a +0 giant club.
You block the ogre's attack.
The ogre mage gestures at the ogre while chanting.
The ogre seems to speed up.
The two-headed ogre hits you with a +0 giant club!!
You die...

..#......#....#...##oO#....#
.###....#....###.##O$......#
####..##.....######.$......#
##....##....##.###.........#
#....##....##...##.........#
##.###......##.............#
### ##.##.###...#.........#
########..#O..........
#..O@O.....O....
##..O.....o.... ##..#......
####.....# ..... #O.## O.#
#.


You could see 2 two-headed ogres, an ogre mage, 4 ogres and an orc (wandering).

Vanquished Creatures
  A boulder beetle (D:11)
  Erica (D:10)
  5 two-headed ogres
  Lodul (D:11)
  An orc sorcerer (Orc:1)
  An ugly thing (D:11)
  2 manticores
  2 cyclopes (D:11)
  Maurice (D:11)
  Psyche (D:8)
  2 unseen horror zombies (D:9)
  4 trolls
  Sigmund (D:4)
  3 shadows
  2 wraiths (D:10)
  2 wyverns
  25 yaks
  A steam dragon (D:8)
  Menkaure (D:4)
  3 wargs (Orc:1)
  Edmund (D:4)
  2 acid dragons
  A water moccasin (D:8)
  12 orc warriors
  An ice beast (D:7)
  3 centaurs
  14 ogres
  3 kobold brigands
  3 bullfrogs
  2 wyvern zombies (Ossuary)
  4 water moccasin zombies (Ossuary)
  4 scorpions
  6 wights
  12 killer bees
  3 howler monkeys (D:7)
  9 centaur zombies
  7 bullfrog zombies (Ossuary)
  4 hounds
  A jelly (D:6)
  A gnoll bouda (D:9)
  7 orc priests
  2 iguanas
  5 sleepcaps
  18 orc wizards
  3 killer bee zombies
  2 howler monkey zombies
  9 mummies (Ossuary)
  4 gnolls (D:5)
  19 adders
  5 river rats
  A shadow imp (D:6)
  A white imp (D:8)
  An ufetubus (D:4)
  An adder zombie (D:2)
  3 worms
  45 orcs
  8 ball pythons
  4 bats
  8 endoplasms
  2 giant cockroaches
  3 goblins
  7 hobgoblins
  8 jackals
  2 frilled lizards
  A giant cockroach zombie (D:2)
  A jackal zombie (D:2)
  42 kobolds
  6 rats
371 creatures vanquished.

Vanquished Creatures (collateral kills)
  A centaur zombie (Ossuary)
  A mummy (Ossuary)
2 creatures vanquished.

Vanquished Creatures (others)
  A wyvern zombie (Ossuary)
  An orc (D:8)
  70 plants (D:4)
  3 withered plants (Ossuary)
75 creatures vanquished.

Grand Total: 448 creatures vanquished

Notes
Turn   | Place    | Note
-------+----------+-------------------------------------------
     0 | D:5      | LobsterGuardian the Felid Delver began the quest for the
                  | Orb.
     0 | D:5      | Reached XP level 1. HP: 10/10 MP: 2/2
    50 | D:6      | Reached XP level 2. HP: 14/14 MP: 3/3
   167 | D:6      | Noticed a centaur
   498 | D:4      | Noticed an ogre
   504 | D:4      | Noticed a scorpion
   516 | D:3      | Reached XP level 3. HP: 17/17 MP: 4/4
   743 | D:3      | Reached XP level 4. HP: 21/21 MP: 5/5
   753 | D:3      | Found a glowing drain.
   834 | Sewer    | Entered a sewer
  1197 | Sewer    | Reached XP level 5. HP: 17/24 MP: 6/6
  1496 | D:3      | Reached skill level 10 in Fighting
  1496 | D:3      | Gained mutation: You are covered in thick fur. (AC +2)
                  | [Felid growth]
  1496 | D:3      | Reached XP level 6. HP: 12/36 MP: 7/7
  1942 | D:1      | Found a faded altar of an unknown god.
  2272 | D:2      | Identified the +1 whip of Perversion {venom, rElec}
  2834 | D:3      | Reached skill level 10 in Stealth
  2930 | D:3      | Reached XP level 7. HP: 39/39 MP: 8/8
  3602 | D:3      | Learned a level 2 spell: Ensorcelled Hibernation
  3709 | D:4      | Reached skill level 1 in Hexes
  3727 | D:4      | Reached skill level 2 in Hexes
  3827 | D:4      | Found Acumogaasu's Distillery.
  4158 | D:4      | Found a staircase to the Ecumenical Temple.
  4173 | Temple   | Entered the Ecumenical Temple
  4277 | Temple   | Became a worshipper of Elyvilon the Healer
  4459 | D:4      | Reached skill level 3 in Hexes
  4692 | D:4      | Noticed Sigmund
  4712 | D:4      | Killed Sigmund
  4713 | D:4      | Reached skill level 1 in Spellcasting
  4713 | D:4      | Reached skill level 4 in Hexes
  4713 | D:4      | Reached XP level 8. HP: 43/43 MP: 0/11
  4882 | D:4      | Noticed Edmund
  4889 | D:4      | Killed Edmund
  4891 | D:4      | Found a snail-covered altar of Cheibriados.
  5059 | D:4      | Reached skill level 5 in Hexes
  5073 | D:4      | Noticed Menkaure
  5188 | D:4      | Killed Menkaure
  5520 | D:4      | Learned a level 3 spell: Swiftness
  5794 | D:5      | Reached * piety under Elyvilon
  6045 | D:5      | Reached skill level 6 in Hexes
  6293 | D:5      | Found a radiant altar of Vehumet.
  7086 | D:6      | Reached XP level 9. HP: 46/46 MP: 14/14
  7091 | D:6      | Reached skill level 7 in Hexes
  7556 | D:7      | Reached ** piety under Elyvilon
  7557 | D:7      | Found Talel's Antique Armour Boutique.
  7562 | D:7      | Found Qucoacacw's Magic Scroll Emporium.
  7829 | D:7      | Found a blossoming altar of Fedhas.
  7834 | D:7      | Found a stormy altar of Qazlal.
  8093 | D:7      | Found Telaa's Book Shop.
  8228 | D:7      | Found a shimmering altar of Xom.
  8317 | D:8      | Found a glowing golden altar of the Shining One.
  8330 | D:8      | Reached skill level 8 in Hexes
  8371 | D:8      | Found a sand-covered staircase.
  8406 | Ossuary  | Entered an ossuary
  8480 | Ossuary  | Elyvilon protects you from harm!
  8490 | Ossuary  | Slain by a wyvern zombie
  8491 | Ossuary  | Reached XP level 8. HP: -1/43 MP: 15/15
  8525 | Ossuary  | Reached skill level 9 in Hexes
  8868 | Ossuary  | Reached XP level 9. HP: 35/46 MP: 16/16
  9163 | D:8      | Gained mutation: Your spells are a little easier to cast,
                  | but a little less powerful. [potion of mutation]
  9163 | D:8      | Gained mutation: You are dopey. (Int -2) [potion of
                  | mutation]
  9163 | D:8      | Lost mutation: You are dopey. (Int -2) [potion of mutation]
  9285 | D:8      | Found a glowing silver altar of Zin.
  9340 | D:8      | Noticed a manticore
  9383 | D:8      | Found a broken altar of Ashenzari.
  9425 | D:8      | Reached skill level 10 in Hexes
  9526 | D:8      | Noticed Psyche
  9533 | D:8      | Killed Psyche
  9579 | D:8      | Reached XP level 10. HP: 51/51 MP: 6/17
  9581 | D:8      | Killed a manticore
  9705 | D:8      | Reached skill level 5 in Spellcasting
  9806 | D:8      | Found an ancient bone altar of Kikubaaqudgha.
  9887 | D:8      | Reached *** piety under Elyvilon
 10062 | D:8      | Found an ornate altar of the Wu Jian Council.
 10399 | D:9      | Noticed a two-headed ogre
 10444 | D:7      | Bought a book of the Earth for 432 gold pieces
 10452 | D:7      | Learned a level 6 spell: Statue Form
 10455 | D:7      | Learned a level 2 spell: Passwall
 10577 | D:9      | Reached skill level 1 in Earth Magic
 11249 | D:9      | Killed from afar by an acid dragon
 11250 | D:9      | Reached XP level 9. HP: -1/47 MP: 11/18
 11380 | D:9      | Found an opulent altar of Gozag.
 11417 | D:9      | Killed a two-headed ogre
 11418 | D:9      | Reached XP level 10. HP: 51/51 MP: 14/20
 11724 | D:9      | Noticed a two-headed ogre
 11728 | D:9      | Noticed a two-headed ogre
 11739 | D:9      | Killed a two-headed ogre
 11847 | D:9      | Noticed a two-headed ogre
 11923 | D:8      | Killed a two-headed ogre
 12031 | D:8      | Killed a two-headed ogre
 12306 | D:9      | Found a staircase to the Lair.
 12388 | D:9      | Found a basalt altar of Yredelemnul.
 12444 | D:9      | Found a burning altar of Makhleb.
 12465 | D:10     | Entered Level 10 of the Dungeon
 12468 | D:10     | Reached skill level 1 in Transmutations
 12493 | D:10     | Reached XP level 11. HP: 47/55 MP: 11/24
 12872 | D:10     | Noticed a two-headed ogre
 12877 | D:10     | Killed a two-headed ogre
 12878 | D:10     | Reached skill level 5 in Earth Magic
 12906 | D:10     | Reached **** piety under Elyvilon
 13312 | D:10     | Noticed Erica
 13345 | D:10     | HP: 1/55 [Erica/bolt of poison (20)]
 13346 | D:10     | Elyvilon protects you from harm!
 13572 | D:10     | Learned a level 5 spell: Lee's Rapid Deconstruction
 13749 | D:10     | Slain by a vampire
 13750 | D:10     | Reached XP level 10. HP: 0/51 MP: 21/23
 13755 | D:10     | Learned a level 4 spell: Leda's Liquefaction
 13956 | D:11     | Noticed Maurice
 13960 | D:11     | Noticed a cyan ugly thing
 13980 | D:12     | Noticed a two-headed ogre
 14119 | D:11     | Killed a cyan ugly thing
 14255 | D:11     | Noticed a boulder beetle
 14268 | D:11     | HP: 1/51 [boulder beetle (25)]
 14474 | D:11     | Noticed Lodul
 14736 | D:10     | Killed Erica
 14737 | D:10     | Reached skill level 5 in Transmutations
 15023 | D:11     | Noticed a manticore
 15027 | D:11     | Killed Lodul
 15313 | D:11     | Noticed a cyclops
 15325 | D:11     | Killed a cyclops
 15358 | D:11     | Noticed a cyclops
 15657 | D:11     | Killed a boulder beetle
 15658 | D:11     | Reached XP level 11. HP: 45/55 MP: 0/24
 15985 | D:11     | Killed Maurice
 16202 | D:11     | Lost mutation: Your spells are a little easier to cast, but
                  | a little less powerful. [potion of mutation]
 16202 | D:11     | Gained mutation: A frigid envelope surrounds you and
                  | freezes all who hurt you. [potion of mutation]
 16257 | D:11     | Found a staircase to the Orcish Mines.
 16653 | Orc:1    | Entered Level 1 of the Orcish Mines
 16653 | Orc:1    | Noticed an orc sorcerer
 16656 | Orc:1    | Paralysed by an orc sorcerer for 3 turns
 16662 | Orc:1    | Paralysed by an orc sorcerer for 2 turns
 16666 | Orc:1    | Killed an orc sorcerer
 16712 | Orc:1    | Reached skill level 5 in Dodging
 16825 | Orc:1    | Reached ***** piety under Elyvilon
 17224 | Orc:2    | Entered Level 2 of the Orcish Mines
 17619 | Orc:2    | Reached skill level 11 in Hexes
 17628 | Orc:2    | Noticed a two-headed ogre
 17630 | Orc:2    | Noticed a two-headed ogre
 17636 | Orc:2    | Noticed a two-headed ogre
 17640 | Orc:2    | Noticed a two-headed ogre
 17737 | Orc:2    | Noticed an ogre mage
 17737 | Orc:2    | Noticed a two-headed ogre
 17751 | Orc:2    | Noticed a two-headed ogre
 17751 | Orc:2    | Noticed an ogre mage
 17754 | Orc:1    | Noticed an orc high priest
 17795 | Orc:1    | HP: 2/55 [orc warrior/+0 mace (1)]
 17804 | Orc:2    | Demolished by a two-headed ogre

Illustrated notes

Levels and vault maps discovered:
D:1:      wander_arrival_chamber, layout_loops_ring,
          shapermc_ecumenical_altar_mp_urbaneastern
D:2:      layout_rooms, serial_undead, serial_undead_e, serial_undead_a,
          serial_undead_c, serial_undead_a
D:3:      layout_loops_ring, lightli_sewer_entry_pipes, due_unseen_surprise
D:4:      kennysheep_kobold_camp, layout_basic, mainiacjoe_overflow_alcove_4,
          minmay_temple_entry_nine_rooms, serial_shops,
          nicolae_shop_back_alley_shop, uniq_menkaure, uniq_edmund, uniq_sigmund
D:5:      layout_basic, lemuel_tele_altar
D:6:      layout_basic, serial_rivers, chequers_serial_rivers_small_b,
          chequers_serial_rivers_micro_a, chequers_serial_rivers_micro_e,
          chequers_serial_rivers_marsh, chequers_serial_rivers_large_b,
          chequers_serial_rivers_small_a, hangedman_decor_riveting,
          hellmonk_no_cap
D:7:      layout_cave_pools, kennysheep_mini_moat,
          grunt_temple_overflow_forces_of_nature, serial_shops,
          nicolae_square_shop, nicolae_shop_getting_attention, shop,
          nicolae_concentric_dashed_squares_wild, kennysheep_generic_room_7
D:8:      layout_gridville, nicolae_overflow_crystal_walls,
          mainiacjoe_overflow_alcove_2, nicolae_ashenzari_panopticon,
          kennysheep_mini, mainiacjoe_overflow_tiny_flanked,
          nicolae_ossuary_entry_false_entrances, uniq_psyche
D:9:      minmay_angry_zag, layout_cave_pools, general_overflow_altar,
          nicolae_yredelemnul_corpse_copse, lightli_temple_of_fire,
          lair_entry_dummy
D:10:     layout_loops_corners, grunt_ministairs_4, uniq_erica
D:11:     layout_rooms, minmay_orc_entry_temple_small, uniq_lodul, uniq_maurice
D:12:     layout_rooms, serial_shops, nicolae_shop_drivethru
Temple:   hellmonk_temple_beads
Orc:1:    layout_diamond_mine, nicolae_orc_tapped_out, uniq_gastronok
Orc:2:    st_orc_ogre_mass, layout_caves

Skill      XL: |  1  2  3  4  5  6  7  8  9 10 11 |
---------------+----------------------------------+-----
Stealth        | 7 8 9 10 | 10.3
Dodging        | 3 4 5 |  5.0
Fighting       | 10 | 10.3
Unarmed Combat | 7 9 |  9.1
Hexes          | 4 9 10 11 | 11.0
Spellcasting   | 1 3 6 8 |  8.0
Earth Magic    | 6 7 |  7.3
Transmutations | 6 8 |  8.7

Action                     |  1- 3 |  4- 6 |  7- 9 | 10-12 || total
---------------------------+-------+-------+-------+-------++-------
  Melee: Unarmed           |    77 |   159 |   426 |   303 ||   965
         Bite              |     5 |    17 |    51 |    35 ||   108
         Punch             |     1 |     8 |    23 |    20 ||    52
   Cast: Ensorcelled Hiber |       |       |   102 |   232 ||   334
         Swiftness         |       |       |       |     4 ||     4
         Passwall          |       |       |       |     8 ||     8
         Leda's Liquefacti |       |       |       |     8 ||     8
         Lee's Rapid Decon |       |       |       |     1 ||     1
 Invoke: Heal Self         |       |       |       |     1 ||     1
         Purification      |       |       |       |     1 ||     1
  Evoke: Wand              |       |       |     8 |    16 ||    24
    Use: Scroll            |     1 |     2 |    14 |     6 ||    23
         Potion            |       |    10 |     8 |    12 ||    30
   Stab: Sleeping          |     7 |    25 |    65 |    97 ||   194
         Distracted        |       |     1 |     3 |     4 ||     8
 Armour: Skin              |       |     7 |    27 |     7 ||    41
  Dodge: Dodged            |    44 |   104 |   352 |   310 ||   810
  Block: Other             |       |       |    46 |    72 ||   118
         Reflection        |       |       |       |     5 ||     5

Table legend: (Time is in decaauts)
 A = Elapsed time spent in this place.
 B = Non-inter-level travel time spent in this place.
 C = Inter-level travel time spent in this place.
 D = Time resting spent in this place.
 E = Time spent auto-exploring this place.
 F = Levels seen in this place.
 G = Mean time per level.
                   A        B        C        D        E       F      G
               +--------+--------+--------+--------+--------+-----+--------+
         Total |  15946 |  14920 |   1026 |    859 |  10521 |  17 |  938.0 |
       Dungeon |  13858 |  12886 |    972 |    839 |   9286 |  12 | 1154.8 |
        Temple |     94 |     82 |     12 |      0 |     73 |   1 |   94.0 |
  Orcish Mines |    871 |    830 |     41 |      0 |    509 |   2 |  435.5 |
         Sewer |    424 |    424 |      0 |      0 |    269 |   1 |  424.0 |
       Ossuary |    697 |    697 |      0 |     20 |    383 |   1 |  697.0 |
               +--------+--------+--------+--------+--------+-----+--------+

Top non-repeatable levels by time:
     D:8: 1996 daAuts
    D:10: 1974 daAuts
    D:11: 1813 daAuts
     D:4: 1536 daAuts
     D:3: 1489 daAuts
     D:9: 1187 daAuts
     D:5: 1154 daAuts
     D:6: 1087 daAuts
 Ossuary: 697 daAuts
     D:7: 564 daAuts
     D:2: 546 daAuts
   Orc:1: 546 daAuts
     D:1: 472 daAuts
   Sewer: 424 daAuts
   Orc:2: 325 daAuts
